HSSL
MADAWASKA VALLEY HS WOLVES @ EVANS HS KNIGHTS
05/12/2027
 
TOP OF THE 1ST
Madawaska Valley HS Wolves batting - Pitching for Evans HS Knights : RHP Donald Curry
Pitching: RHP Donald Curry
Batting: RHB Adam Carpenter 0-0: Foul Ball, location: 2F
0-1: Foul Ball, location: 2F
0-2: Ball
1-2: Ball
2-2: SINGLE (Line Drive, 9LS)
Batting: RHB Enrique Navarro 0-0: Foul Ball, location: 2F
0-1: Ball
1-1: Ball
2-1: SINGLE (Groundball, 34D)
Adam Carpenter to second
Runner from 2nd tries for 3rd, SAFE, throw made to third
Batting: LHB Bob Campbell 0-0: Ball
1-0: Ball
2-0: Called Strike
2-1: Foul Ball, location: 2F
2-2: Ball
3-2: SINGLE (Line Drive, 56)
Adam Carpenter scores
Enrique Navarro to second
Batting: SHB Jason Dundee 0-0: Ball
1-0: Foul Ball, location: 2F
1-1: Ball
2-1: SINGLE (Groundball, 6MD)
Enrique Navarro to third
Bob Campbell to second
Batting: RHB Brandon Little 0-0: Foul Ball, location: 2F
0-1: Called Strike
0-2: Ball
1-2: Foul Ball, location: 2F
1-2: Ball
2-2: Ball
3-2: Fly out, F7 (Flyball, 7D)
Runner from 3rd tags up, SCORES, no throw
Bob Campbell to third
Batting: SHB Artie Adams 0-0: Called Strike
0-1: Foul Ball, location: 2F
0-2: Strikes out swinging
Batting: SHB Gordon Beatty 0-0: Ball
1-0: Ball
2-0: SINGLE (Line Drive, 4MD)
Bob Campbell scores
Jason Dundee to second
Batting: RHB Bob Colbert 0-0: SINGLE (Groundball, 6D)
Jason Dundee to third
Gordon Beatty to second
Runner from 3rd tries for Home, SAFE, throw made home
Gordon Beatty to third
Bob Colbert to second
Batting: RHB David Simmons 0-0: Fly out, F9 (Flyball, 9)
Top of the 1st over - 4 run(s), 6 hit(s), 0 error(s), 2 left on base; Madawaska Valley HS 4 - Evans HS 0
BOTTOM OF THE 1ST
Evans HS Knights batting - Pitching for Madawaska Valley HS Wolves : RHP Ricardo Duárez
Pitching: RHP Ricardo Duárez
Batting: LHB Quinn Webb 0-0: Ball
1-0: Foul Ball, location: 2F
1-1: Foul Ball, location: 2F
1-2: DOUBLE (Line Drive, 3D)
Batting: RHB Rafael Martínez 0-0: Called Strike
Quinn Webb is caught stealing 3rd base
0-1: Ball
1-1: Foul Ball, location: 2F
1-2: Strikes out swinging
Batting: RHB Juan Valdés 0-0: SINGLE (Line Drive, 89S)
Batting: LHB Julián Icaza 0-0: Ball
1-0: SINGLE (Line Drive, 89S)
Juan Valdés to second
Batting: RHB Louis-Alexandre Lévesque 0-0: Ball
1-0: Foul Ball, location: 2F
1-1: Foul Ball, location: 2F
1-2: Ball
2-2: Ball
3-2: Fly out, F9 (Flyball, 89M)
Bottom of the 1st over - 0 run(s), 3 hit(s), 0 error(s), 2 left on base; Madawaska Valley HS 4 - Evans HS 0
TOP OF THE 2ND
Madawaska Valley HS Wolves batting - Pitching for Evans HS Knights : RHP Donald Curry
Batting: RHB Adam Carpenter 0-0: Ball
1-0: Ball
2-0: Ball
3-0: Base on Balls
Batting: RHB Enrique Navarro 0-0: Ball
1-0: Foul Ball, location: 2F
1-1: Called Strike
1-2: Fly out, F7 (Flyball, 7)
Batting: LHB Bob Campbell 0-0: Called Strike
0-1: Grounds into double play, 6-4-3 (Groundball, 6)
Top of the 2nd over - 0 run(s), 0 hit(s), 0 error(s), 0 left on base; Madawaska Valley HS 4 - Evans HS 0
BOTTOM OF THE 2ND
Evans HS Knights batting - Pitching for Madawaska Valley HS Wolves : RHP Ricardo Duárez
Batting: RHB Gerald Hayes 0-0: Ball
1-0: Ball
2-0: Ball
3-0: Called Strike
3-1: Base on Balls
Batting: LHB Andre Montgomery 0-0: Ball
1-0: Fly out, F5 (Popup, 5)
Batting: LHB Billy Raymond 0-0: Called Strike
0-1: Fly out, F7 (Flyball, 7S)
Batting: RHB Tim Lee 0-0: Ball
1-0: Ground out 5-3 (Groundball, 2L)
Bottom of the 2nd over - 0 run(s), 0 hit(s), 0 error(s), 1 left on base; Madawaska Valley HS 4 - Evans HS 0
TOP OF THE 3RD
Madawaska Valley HS Wolves batting - Pitching for Evans HS Knights : RHP Donald Curry
Batting: SHB Jason Dundee 0-0: Ball
1-0: Swinging Strike
1-1: Foul Ball, location: 2F
1-2: Ground out 3-1 (Groundball, 34)
Batting: RHB Brandon Little 0-0: Ball
1-0: Ball
2-0: SOLO HOME RUN (Flyball, 78XD), Distance : 436 ft
Batting: SHB Artie Adams 0-0: Foul Ball, location: 2F
0-1: Fly out, F6 (Popup, 6D)
Batting: SHB Gordon Beatty 0-0: Called Strike
0-1: Ball
1-1: Called Strike
1-2: Strikes out swinging
Top of the 3rd over - 1 run(s), 1 hit(s), 0 error(s), 0 left on base; Madawaska Valley HS 5 - Evans HS 0
BOTTOM OF THE 3RD
Evans HS Knights batting - Pitching for Madawaska Valley HS Wolves : RHP Ricardo Duárez
Batting: LHB Quinn Webb 0-0: Ball
1-0: Ground out 4-3 (Groundball, 4S)
Batting: RHB Rafael Martínez 0-0: Ball
1-0: Foul Ball, location: 2F
1-1: Swinging Strike
1-2: Foul Ball, location: 2F
1-2: Ball
2-2: Foul Ball, location: 2F
2-2: Foul Ball, location: 2F
2-2: Ball
3-2: Base on Balls
Batting: RHB Juan Valdés 0-0: Ball
1-0: Foul Ball, location: 2F
1-1: Foul Ball, location: 2F
1-2: Foul Ball, location: 2F
1-2: Foul Ball, location: 2F
1-2: DOUBLE (Line Drive, 78M)
Rafael Martínez to third
Runner from 3rd tries for Home, SAFE, throw made home
Batting: LHB Julián Icaza 0-0: Called Strike
0-1: Foul Ball, location: 2F
0-2: Ball
1-2: Ground out 3-1 (Groundball, 34S)
Juan Valdés to third
Batting: RHB Louis-Alexandre Lévesque 0-0: Ball
1-0: Ground out 4-3 (Groundball, 4)
Bottom of the 3rd over - 1 run(s), 1 hit(s), 0 error(s), 1 left on base; Madawaska Valley HS 5 - Evans HS 1
TOP OF THE 4TH
Madawaska Valley HS Wolves batting - Pitching for Evans HS Knights : RHP Donald Curry
Batting: RHB Bob Colbert 0-0: Called Strike
0-1: Ball
1-1: SINGLE (Groundball, 6M) (infield hit)
Batting: RHB David Simmons 0-0: Called Strike
0-1: Ball
1-1: Foul Ball, location: 2F
1-2: Ball
2-2: Foul Ball, location: 2F
2-2: Fly out, F6 (Line Drive, 6)
Batting: RHB Adam Carpenter 0-0: Ball
1-0: Called Strike
1-1: Called Strike
1-2: Ball
2-2: Ball
3-2: Base on Balls
Bob Colbert to second
Batting: RHB Enrique Navarro 0-0: Ball
1-0: Grounds into double play, 4-6-3 (Groundball, 4)
Top of the 4th over - 0 run(s), 1 hit(s), 0 error(s), 1 left on base; Madawaska Valley HS 5 - Evans HS 1
BOTTOM OF THE 4TH
Evans HS Knights batting - Pitching for Madawaska Valley HS Wolves : RHP Ricardo Duárez
Batting: RHB Gerald Hayes 0-0: Called Strike
0-1: Called Strike
0-2: Ball
1-2: Ball
2-2: Ball
3-2: Base on Balls
Batting: LHB Andre Montgomery 0-0: Ball
1-0: Called Strike
1-1: Ball
2-1: Swinging Strike
2-2: Ball
3-2: Base on Balls
Gerald Hayes to second
Batting: LHB Billy Raymond 0-0: Ball
1-0: Swinging Strike
1-1: Swinging Strike
1-2: Strikes out looking
Batting: RHB Tim Lee 0-0: Called Strike
0-1: Ball
1-1: Foul Ball, location: 2F
1-2: Strikes out looking
Batting: LHB Quinn Webb 0-0: Foul Ball, location: 2F
0-1: Ball
1-1: Ball
2-1: Ground out 3-1 (Groundball, 34)
Bottom of the 4th over - 0 run(s), 0 hit(s), 0 error(s), 2 left on base; Madawaska Valley HS 5 - Evans HS 1
TOP OF THE 5TH
Madawaska Valley HS Wolves batting - Pitching for Evans HS Knights : RHP Donald Curry
Pitching: LHP Mel Hart
Batting: LHB Bob Campbell 0-0: Ball
1-0: Ball
2-0: Foul Ball, location: 2F
2-1: SINGLE (Line Drive, 9S)
Batting: SHB Jason Dundee 0-0: Foul Ball, location: 2F
0-1: Called Strike
0-2: Ball
1-2: Ball
2-2: Hit by Pitch
Bob Campbell to second
Batting: RHB Brandon Little 0-0: Ball
1-0: Fly out, F5 (Popup, 56S)
Batting: SHB Artie Adams 0-0: Called Strike
Bob Campbell steals 3rd base
Jason Dundee to second
0-1: SINGLE (Flyball, 34D)
Bob Campbell scores
Jason Dundee to third
Batting: SHB Gordon Beatty 0-0: Called Strike
0-1: Ball
1-1: Swinging Strike
1-2: Foul Ball, location: 2F
1-2: Ball
2-2: Strikes out swinging
Batting: RHB Bob Colbert 0-0: Ball
1-0: Ball
2-0: Called Strike
2-1: Called Strike
2-2: Foul Ball, location: 2F
2-2: Foul Ball, location: 2F
2-2: Ball
3-2: Foul Ball, location: 2F
3-2: Strikes out looking
Top of the 5th over - 1 run(s), 2 hit(s), 0 error(s), 2 left on base; Madawaska Valley HS 6 - Evans HS 1
BOTTOM OF THE 5TH
Evans HS Knights batting - Pitching for Madawaska Valley HS Wolves : RHP Ricardo Duárez
Batting: RHB Rafael Martínez 0-0: Ball
1-0: Ball
2-0: Called Strike
2-1: Ball
3-1: Fly out, F8 (Flyball, 89M)
Pitching: RHP Peyton Lill
Batting: RHB Juan Valdés 0-0: DOUBLE (Groundball, 3L)
Batting: LHB Julián Icaza 0-0: Ball
1-0: Called Strike
1-1: Ground out 6-3 (Groundball, 6M)
Juan Valdés to third
Batting: RHB Louis-Alexandre Lévesque 0-0: Ball
1-0: Ground out 5-3 (Groundball, 5L)
Bottom of the 5th over - 0 run(s), 1 hit(s), 0 error(s), 1 left on base; Madawaska Valley HS 6 - Evans HS 1
TOP OF THE 6TH
Madawaska Valley HS Wolves batting - Pitching for Evans HS Knights : LHP Mel Hart
Pitching: RHP Bill Williams
Batting: RHB David Simmons 0-0: Called Strike
0-1: Ball
1-1: Ball
2-1: Ball
3-1: Called Strike
3-2: Foul Ball, location: 2F
3-2: Strikes out looking
Batting: RHB Adam Carpenter 0-0: Called Strike
0-1: Swinging Strike
0-2: Ball
1-2: Ball
2-2: Ball
3-2: Foul Ball, location: 2F
3-2: Fly out, F7 (Flyball, 7)
Batting: RHB Enrique Navarro 0-0: Ball
1-0: Ground out 5-3 (Groundball, 56S)
Top of the 6th over - 0 run(s), 0 hit(s), 0 error(s), 0 left on base; Madawaska Valley HS 6 - Evans HS 1
BOTTOM OF THE 6TH
Evans HS Knights batting - Pitching for Madawaska Valley HS Wolves : RHP Peyton Lill
Batting: RHB Gerald Hayes 0-0: Ball
1-0: SINGLE (Flyball, 8LS)
Batting: LHB Andre Montgomery 0-0: Called Strike
0-1: Hit by Pitch
Gerald Hayes to second
Batting: LHB Billy Raymond 0-0: Called Strike
0-1: SINGLE (Line Drive, 8LS)
Gerald Hayes to third
Andre Montgomery to second
Batting: RHB Tim Lee Balk!
Gerald Hayes scores
Andre Montgomery to third
Billy Raymond to second
0-0: Called Strike
0-1: Ball
1-1: Ball
2-1: Swinging Strike
2-2: Strikes out swinging
Batting: LHB Quinn Webb 0-0: Ball
1-0: Ball
2-0: Ball
3-0: Called Strike
3-1: SINGLE (Groundball, 34) (infield hit)
Andre Montgomery scores
Billy Raymond to third
Batting: RHB Rafael Martínez 0-0: Ball
1-0: Called Strike
1-1: Foul Ball, location: 2F
1-2: Ball
2-2: Ball
3-2: Foul Ball, location: 2F
3-2: Strikes out looking
Quinn Webb steals 2nd base
Batter strikes out.
Batting: RHB Juan Valdés 0-0: Foul Ball, location: 2F
0-1: SINGLE (Flyball, 89S)
Billy Raymond scores
Quinn Webb to third
Runner from 3rd tries for Home, SAFE, no throw
Pitching: RHP Vincente León
Batting: LHB Julián Icaza 0-0: Ball
1-0: Ball
2-0: Called Strike
2-1: Ball
3-1: Base on Balls
Juan Valdés to second
Batting: RHB Louis-Alexandre Lévesque 0-0: Ball
1-0: Ball
2-0: SINGLE (Line Drive, 9S)
Juan Valdés to third
Julián Icaza to second
Throwing error, E9
Juan Valdés scores
Julián Icaza to third
Louis-Alexandre Lévesque to second
Batting: RHB Gerald Hayes 0-0: Swinging Strike
0-1: Swinging Strike
0-2: Foul Ball, location: 2F
0-2: Foul Ball, location: 2F
0-2: Foul Ball, location: 2F
0-2: Ball
1-2: Ball
2-2: Ball
3-2: Foul Ball, location: 2F
3-2: Base on Balls
Batting: LHB Andre Montgomery 0-0: Foul Ball, location: 2F
0-1: Ball
1-1: Foul Ball, location: 2F
1-2: Strikes out swinging
Bottom of the 6th over - 5 run(s), 5 hit(s), 1 error(s), 3 left on base; Madawaska Valley HS 6 - Evans HS 6
TOP OF THE 7TH
Madawaska Valley HS Wolves batting - Pitching for Evans HS Knights : RHP Bill Williams
Batting: LHB Bob Campbell 0-0: Fly out, F7 (Flyball, 7)
Batting: SHB Jason Dundee 0-0: Called Strike
0-1: Called Strike
0-2: Strikes out swinging
Batting: RHB Brandon Little 0-0: Called Strike
0-1: Ball
1-1: Fly out, F9 (Flyball, 9LM)
Top of the 7th over - 0 run(s), 0 hit(s), 0 error(s), 0 left on base; Madawaska Valley HS 6 - Evans HS 6
BOTTOM OF THE 7TH
Evans HS Knights batting - Pitching for Madawaska Valley HS Wolves : RHP Vincente León
Batting: LHB Billy Raymond 0-0: Called Strike
0-1: SINGLE (Line Drive, 34)
Batting: RHB Tim Lee 0-0: Sac Bunt - play at second, runner OUT! 1-6
Batting: LHB Quinn Webb 0-0: Ball
1-0: Ball
2-0: SINGLE (Line Drive, 4)
Tim Lee to second
Batting: RHB Rafael Martínez 0-0: Ball
1-0: Called Strike
1-1: Ball
2-1: Foul Ball, location: 2F
2-2: Strikes out swinging
Batting: RHB Juan Valdés 0-0: Ball
1-0: Foul Ball, location: 2F
1-1: Ball
2-1: 3-RUN HOME RUN (Flyball, 89XD), Distance : 413 ft
Batting: LHB Julián Icaza 0-0: Ball
1-0: Called Strike
1-1: Ball
2-1: Ball
3-1: Base on Balls
Pitching: RHP Terry Gray
Batting: RHB Louis-Alexandre Lévesque 0-0: Foul Ball, location: 2F
0-1: Called Strike
0-2: Foul Ball, location: 2F
0-2: Foul Ball, location: 2F
0-2: SINGLE (Line Drive, 78M)
Julián Icaza to second
Batting: RHB Gerald Hayes 0-0: Ball
1-0: Swinging Strike
1-1: SINGLE (Line Drive, 34D)
Julián Icaza to third
Louis-Alexandre Lévesque to second
Runner from 3rd tries for Home, SAFE, no throw
Batting: LHB Andre Montgomery 0-0: Called Strike
0-1: Ball
1-1: Swinging Strike
1-2: Strikes out swinging
Bottom of the 7th over - 4 run(s), 5 hit(s), 0 error(s), 2 left on base; Madawaska Valley HS 6 - Evans HS 10
TOP OF THE 8TH
Madawaska Valley HS Wolves batting - Pitching for Evans HS Knights : RHP Bill Williams
Batting: SHB Artie Adams 0-0: Ball
1-0: Foul Ball, location: 2F
1-1: Called Strike
1-2: Foul Ball, location: 2F
1-2: SINGLE (Line Drive, 9S)
Batting: SHB Gordon Beatty 0-0: Ball
1-0: Ball
2-0: Called Strike
2-1: Fly out, F5 (Line Drive, 56)
Batting: RHB Bob Colbert 0-0: Foul Ball, location: 2F
0-1: Ball
1-1: Called Strike
1-2: Ball
2-2: Ball
3-2: Strikes out swinging
Artie Adams is caught stealing 2nd base
Batter strikes out.
Top of the 8th over - 0 run(s), 1 hit(s), 0 error(s), 0 left on base; Madawaska Valley HS 6 - Evans HS 10
BOTTOM OF THE 8TH
Evans HS Knights batting - Pitching for Madawaska Valley HS Wolves : RHP Terry Gray
Batting: LHB Billy Raymond 0-0: Ball
1-0: Ball
2-0: Swinging Strike
2-1: Ball
3-1: Foul Ball, location: 2F
3-2: Base on Balls
Batting: RHB Tim Lee 0-0: Ball
1-0: Bunted foul
1-1: Sac Bunt - play at first, batter OUT! 1-4
Billy Raymond to second
Batting: LHB Quinn Webb 0-0: Intentional Walk
Batting: RHB Rafael Martínez 0-0: Ball
1-0: Foul Ball, location: 2F
1-1: Ball
2-1: Swinging Strike
2-2: Strikes out swinging
Batting: RHB Juan Valdés 0-0: Ball
1-0: Ball
2-0: Ball
3-0: Base on Balls
Billy Raymond to third
Quinn Webb to second
Batting: LHB Julián Icaza 0-0: Called Strike
0-1: Ball
1-1: SINGLE (Line Drive, 8LS)
Billy Raymond scores
Quinn Webb to third
Juan Valdés to second
Runner from 3rd tries for Home, SAFE, no throw
Batting: RHB Louis-Alexandre Lévesque 0-0: Ball
1-0: Ball
2-0: Foul Ball, location: 2F
2-1: DOUBLE (Line Drive, 78D)
Juan Valdés scores
Julián Icaza to third
Runner from 3rd tries for Home, SAFE, no throw
Pitching: RHP Kevin Johnston
Batting: RHB Gerald Hayes 0-0: Ball
1-0: Ball
2-0: Ball
3-0: Called Strike
3-1: Base on Balls
Batting: LHB Andre Montgomery 0-0: Ball
1-0: SINGLE (Groundball, 23) (infield hit)
Louis-Alexandre Lévesque to third
Gerald Hayes to second
Batting: LHB Billy Raymond 0-0: Called Strike
0-1: Foul Ball, location: 2F
0-2: Strikes out swinging
Bottom of the 8th over - 4 run(s), 3 hit(s), 0 error(s), 3 left on base; Madawaska Valley HS 6 - Evans HS 14
TOP OF THE 9TH
Madawaska Valley HS Wolves batting - Pitching for Evans HS Knights : RHP Bill Williams
Batting: RHB David Simmons 0-0: Called Strike
0-1: Ball
1-1: Foul Ball, location: 2F
1-2: Foul Ball, location: 2F
1-2: Strikes out looking
Batting: RHB Adam Carpenter 0-0: Ball
1-0: Foul Ball, location: 2F
1-1: Ball
2-1: Ball
3-1: Foul Ball, location: 2F
3-2: Base on Balls
Batting: RHB Enrique Navarro 0-0: Called Strike
0-1: Ball
1-1: Foul Ball, location: 2F
1-2: Strikes out swinging
Batting: LHB Bob Campbell 0-0: DOUBLE (Line Drive, 7)
Adam Carpenter to third
Runner from 3rd tries for Home, SAFE, no throw
Batting: SHB Jason Dundee 0-0: Ball
1-0: Foul Ball, location: 2F
1-1: Ball
2-1: Foul Ball, location: 2F
2-2: Ball
3-2: Base on Balls
Batting: RHB Brandon Little 0-0: Ball
1-0: Ball
2-0: Called Strike
2-1: Ball
3-1: Base on Balls
Bob Campbell to third
Jason Dundee to second
Batting: SHB Artie Adams 0-0: Called Strike
0-1: Foul Ball, location: 2F
0-2: Ball
1-2: Ground out U3 (Groundball, 34)
Top of the 9th over - 1 run(s), 1 hit(s), 0 error(s), 3 left on base; Madawaska Valley HS 7 - Evans HS 14
Thursday, March 30th, 2017 - OOTP Baseball 17.12 Build 75